Map: 虚拟幻境-天梯版

Players

bAd

  • Race: Terran Terran
  • League: Diamond
  • Spawn Location: 11:00

StackingKing - Winner!

  • Race: Terran Terran
  • League: Master
  • Spawn Location: 5:00

VOD

Have the link to the VOD?

Description

Time

  • Played on: Dec. 21, 2019, 2:29 a.m.
  • Length: 13:34
Show
View Real Time Build Order
Export as new Build Order

bAd Terran 

Build Orders:  

Get SALT Encoding   

  12  0:01  SCV  
  13  0:13  SCV  
  14  0:17  Supply Depot  
  14  0:25  SCV  
  15  0:29  Refinery  
  15  0:38  SCV  
  16  0:45  Barracks  
  16  0:50  SCV  
  16  0:56  Refinery  
  17  1:02  SCV  
  18  1:15  SCV  
  19  1:33  Factory, Orbital Command  
  19  1:37  Reaper  
  20  1:46  Supply Depot  
  20  1:58  SCV  
  21  2:10  Reaper  
  21  2:12  SCV  
  23  2:18  Hellion  
  25  2:25  SCV  
  26  2:33  Command Center  
  26  2:37  SCV  
  26  2:40  Factory Tech Lab  
  26  2:42  Barracks Reactor  
  27  2:49  Starport  
  28  2:51  SCV  
  28  2:56  Supply Depot  
  28  3:02  Cyclone  
  31  3:18  SCV  
  31  3:19  Marine  
  32  3:20  Marine  
  34  3:30  SCV  
  34  3:32  Refinery  
  33  3:45  Factory Reactor  
  33  3:48  Marine x2  
  32  3:53  Raven  
  35  3:57  SCV  
  36  4:10  Marine  
  36  4:11  Marine  
  38  4:17  Orbital Command  
  38  4:20  SCV  
  39  4:32  SCV  
  39  4:36  Marine  
  39  4:37  Marine  
  42  4:38  Raven  
  42  4:44  Factory Tech Lab  
  44  4:46  SCV  
  44  4:50  Supply Depot  
  44  4:51  SCV  
  46  4:54  Marine  
  46  4:55  Marine  
  46  4:58  SCV  
  49  5:05  Supply Depot  
  49  5:06  Siege Tank  
  52  5:21  SCV x2  
  53  5:24  Command Center  
  53  5:26  Refinery  
  52  5:31  Barracks  
  52  5:33  Engineering Bay  
  52  5:35  Engineering Bay, SCV x2  
  54  5:47  SCV x2  
  54  5:49  Siege Tank  
  59  5:54  Barracks  
  59  6:00  Terran Infantry Weapons Level 1  
  59  6:02  Stimpack  
  59  6:03  Terran Infantry Armor Level 1  
  59  6:07  Marine  
  59  6:08  SCV x2  
  62  6:11  Viking  
  62  6:18  Supply Depot  
  64  6:20  Marine x2  
  64  6:23  Siege Tank  
  69  6:27  SCV  
  70  6:35  SCV  
  70  6:37  Orbital Command  
  70  6:38  Supply Depot  
  71  6:43  Barracks Reactor  
  74  6:47  Viking  
  74  6:48  SCV  
  74  6:49  SCV  
  75  6:59  Marine x2, Barracks  
  75  7:05  Barracks  
  75  7:11  SCV x2  
  75  7:14  Siege Tank  
  80  7:23  SCV x2  
  80  7:26  Armory  
  80  7:27  Marine x2  
  80  7:28  Marine  
  85  7:30  Missile Turret  
  85  7:33  Orbital Command  
  85  7:34  Missile Turret  
  85  7:35  SCV x2  
  87  7:43  Combat Shield  
  87  7:44  Marine x2  
  87  7:45  Viking x2  
  87  7:47  SCV  
  94  7:52  Barracks Reactor, Siege Tank  
  94  7:53  SCV  
  94  7:56  Barracks Reactor  
  98  8:02  Supply Depot  
  98  8:03  SCV  
  99  8:06  Marine x2  
  99  8:08  Refinery  
  101  8:16  Terran Infantry Weapons Level 2  
  101  8:22  Factory, Terran Infantry Armor Level 2  
  101  8:23  SCV x2  
  101  8:25  Supply Depot  
  103  8:32  Marine x3  
  106  8:38  Marine x2  
  106  8:39  Refinery  
  106  8:41  Terran Vehicle Weapons Level 1, SCV  
  108  8:47  Marine x2, SCV  
  112  8:50  SCV  
  112  8:53  Supply Depot, Viking  
  112  8:54  SCV  
  116  9:02  Marine  
  117  9:05  Supply Depot  
  117  9:06  Supply Depot  
  117  9:08  Factory Tech Lab  
  117  9:14  Marine x2, Supply Depot, SCV x2  
  121  9:21  Marine x2  
  123  9:25  Command Center  
  123  9:27  Viking x2  
  123  9:29  Marine x3  
  123  9:30  Sensor Tower  
  130  9:38  SCV  
  130  9:39  Siege Tank, SCV  
  135  9:46  Marine  
  135  9:47  Siege Tank  
  135  9:52  Missile Turret  
  139  9:54  Marine  
  139  9:55  Marine  
  139  9:56  Viking  
  139  9:57  SCV  
  139  9:58  SCV  
  145  10:04  Viking  
  145  10:05  Supply Depot  
  145  10:06  Starport  
  147  10:12  Supply Depot  
  147  10:15  Starport  
  147  10:17  Liberator  
  147  10:20  Supply Depot  
  147  10:27  Siege Tank  
  150  10:29  Viking  
  150  10:30  SCV  
  150  10:34  Terran Infantry Weapons Level 3  
  156  10:35  Supply Depot  
  156  10:36  Supply Depot  
  156  10:44  SCV  
  157  10:53  Starport Reactor x2  
  157  10:56  SCV x2  
  159  11:00  Sensor Tower, Viking  
  159  11:03  SCV  
  162  11:04  Marine  
  162  11:05  Marine  
  162  11:08  SCV  
  162  11:09  Siege Tank  
  168  11:17  Viking  
  170  11:24  Fusion Core, Terran Vehicle And Ship Armor Level 1  
  170  11:26  Refinery  
  170  11:31  Missile Turret  
  170  11:32  Viking x2  
  174  11:49  Viking x2  
  173  12:02  Viking  
  166  12:14  Liberator  
  137  12:22  Viking x4  
  128  12:23  Viking  
  128  12:29  SCV  
  133  12:32  Refinery  
  133  12:36  Marine x4  
  133  12:37  Marine x2  
  135  12:52  Viking x2  
  135  12:54  Viking x3  
  134  13:08  Marine x3  
Show
View Real Time Build Order
Export as new Build Order

StackingKing Terran - Winner!

Build Orders: Mech 

Get SALT Encoding   

  12  0:00  SCV  
  13  0:13  SCV  
  14  0:18  Supply Depot  
  14  0:26  Refinery  
  14  0:28  SCV  
  15  0:40  SCV  
  16  0:46  Barracks  
  16  0:53  Refinery  
  16  0:55  SCV  
  17  1:08  SCV  
  18  1:20  SCV  
  19  1:33  Orbital Command, Reaper  
  19  1:37  Factory  
  20  1:48  Supply Depot  
  20  1:58  SCV  
  21  2:05  Reaper  
  22  2:11  SCV  
  25  2:23  Hellion, SCV  
  26  2:35  SCV  
  27  2:37  Command Center, Reaper  
  28  2:45  Hellion  
  28  2:48  SCV  
  31  2:52  Supply Depot  
  31  3:06  Factory Tech Lab  
  31  3:09  Barracks Reactor  
  31  3:10  Starport  
  31  3:14  SCV  
  32  3:26  Cyclone, SCV  
  36  3:34  Refinery  
  36  3:38  SCV  
  36  3:50  SCV  
  33  3:57  Marine x2  
  33  3:58  Cyclone  
  33  4:02  Orbital Command, Starport Tech Lab  
  38  4:04  SCV  
  39  4:16  Marine x2, SCV  
  42  4:24  Raven  
  42  4:28  SCV  
  42  4:29  Supply Depot  
  48  4:32  Siege Tank  
  48  4:36  SCV  
  49  4:38  Marine x2  
  49  4:40  SCV  
  49  4:43  Supply Depot  
  52  4:48  SCV  
  52  4:52  SCV  
  54  4:57  Marine  
  54  4:58  Marine  
  56  5:00  SCV  
  56  5:02  Command Center  
  57  5:08  SCV  
  57  5:09  Siege Tank  
  59  5:33  SCV x2  
  61  5:35  Viking  
  61  5:36  Viking  
  61  5:37  Barracks Tech Lab  
  61  5:38  Factory  
  61  5:40  Factory  
  65  5:43  Refinery  
  65  5:45  SCV x2  
  65  5:46  Supply Depot  
  67  5:57  SCV x2  
  69  6:08  Siege Tank, Viking x2  
  69  6:09  SCV x2  
  78  6:14  Orbital Command  
  78  6:21  SCV x2  
  78  6:22  Siege Tank  
  83  6:33  Supply Depot, SCV x2  
  85  6:41  Viking x2  
  85  6:43  Siege Tank  
  85  6:45  SCV  
  93  6:51  Supply Depot  
  93  6:52  Supply Depot  
  93  6:55  SCV  
  93  6:56  Supply Depot  
  93  6:57  SCV  
  95  7:04  Siege Tank x2  
  101  7:08  Supply Depot  
  101  7:09  Supply Depot  
  101  7:10  Engineering Bay  
  101  7:13  SCV x2  
  103  7:18  Orbital Command  
  102  7:23  Refinery  
  102  7:25  Viking x2, Refinery, SCV x2  
  102  7:26  Siege Tank  
  111  7:37  SCV  
  111  7:40  Siege Tank  
  115  7:46  SCV x2  
  115  7:50  SCV  
  118  7:56  Siege Tank  
  121  7:58  Siege Tank, SCV  
  121  7:59  SCV  
  121  8:02  SCV  
  127  8:10  Sensor Tower, SCV, Command Center  
  127  8:11  SCV  
  127  8:12  Siege Tank, Viking  
  134  8:16  Viking  
  136  8:21  SCV  
  136  8:22  SCV  
  136  8:23  SCV  
  139  8:33  Armory, SCV  
  139  8:34  Armory  
  140  8:38  Starport  
  140  8:41  Starport  
  140  8:46  Hellion  
  141  8:56  Supply Depot x3, SCV  
  141  8:58  Supply Depot  
  141  8:59  Supply Depot  
  141  9:06  Sensor Tower  
  141  9:16  Fusion Core, Starport Tech Lab  
  141  9:17  Viking x2, Starport Tech Lab, SCV x2  
  141  9:18  Hellion x2, SCV  
  141  9:19  Starport  
  141  9:23  Starport  
  152  9:29  SCV  
  152  9:30  SCV  
  154  9:44  Missile Turret x2  
  154  9:45  Missile Turret  
  154  9:46  Missile Turret  
  154  9:47  SCV x2  
  156  9:53  Siege Tank x2  
  156  9:54  Hellion  
  156  9:56  Refinery  
  156  9:57  Refinery  
  156  9:59  Orbital Command  
  164  10:01  Missile Turret  
  164  10:03  Starport Reactor x2  
  164  10:04  Advanced Ballistics  
  164  10:05  Terran Ship Weapons Level 1, Terran Vehicle And Ship Armor Level 1  
  164  10:15  Hellion  
  164  10:17  Command Center  
  164  10:21  SCV x2  
  168  10:24  Liberator x3  
  168  10:25  Liberator  
  168  10:30  Supply Depot  
  168  10:31  Supply Depot  
  168  10:32  Supply Depot  
  168  10:35  Supply Depot  
  168  10:38  Missile Turret  
  168  10:41  Missile Turret  
  179  10:43  Siege Tank  
  179  10:47  Infernal Pre-Igniter  
  182  11:01  Liberator x4  
  182  11:05  Sensor Tower  
  182  11:12  Missile Turret  
  182  11:13  Missile Turret  
  191  11:24  Viking  
  196  11:30  Orbital Command  
  196  11:33  Liberator  
  196  11:35  Command Center  
  196  11:40  Command Center  
  196  11:45  Command Center  
  196  11:48  Command Center  
  178  12:18  Viking x2  
  178  12:19  Viking x4  
  182  12:32  Hellion, Siege Tank x2  
  182  12:35  Viking  
  182  12:36  Viking  
  194  12:49  Viking x3  
  194  12:50  Viking  
  193  12:54  Hellion  
  183  13:04  Hellion  
Tags
 
Composition
Mech
Matchup
TvT
Race
Terran
Spawn Locations
Cross Positions
Add a new tag
Caveats
  • Supply blocks, unpowered buildings, or Contaminate may cause inaccurate times.
  • Supply counts are checked every 10 seconds.